[Event "Titled Tuesday Blitz June 21 Late 2022"]
[White "Pinheiro, Iung Alicio de O."]
[Black "Pesotskiy, Mikhail"]
[WhiteFideId "2104350"]
[BlackFideId "34164453"]
[WhiteElo "2283"]
[BlackElo "2010"]
[Result "1-0"]
[Round "07"]
[TimeControl "180+1"]
[Date "2022.06.22"]
[WhiteClock "0:01:09"]
[BlackClock "0:01:13"]

1. e4 e6 2. d4 d5 3. e5 c5 4. c3 Qa5 5. a3 Bd7 6. Nf3 Ne7 7. b4 cxb4 8. cxb4 Qd8 9. Bd3 Nbc6 10. O-O Ng6 11. g3 Nge7 12. Nc3 Rc8 13. Nb5 Nf5 14. Re1 a6 15. Bxf5 exf5 16. Nd6+ Bxd6 17. exd6+ Be6 18. Bf4 O-O 19. h4 h6 20. Qd2 Qf6 21. Kg2 Rfd8 22. h5 Na7 23. Be5 1-0


[Site "https://www.chess.com"]

[Event "Titled Tuesday Blitz June 21 Late 2022"]
[White "Prydun, Andriy"]
[Black "Przybylski, Wojciech"]
[WhiteFideId "14145898"]
[BlackFideId "1117599"]
[WhiteElo "2063"]
[BlackElo "2133"]
[Result "0-1"]
[Round "07"]
[TimeControl "180+1"]
[Date "2022.06.22"]
[WhiteClock "0:01:19"]
[BlackClock "0:01:57"]

1. e4 e5 2. Nf3 Nf6 3. Nc3 Bb4 4. Bd3 Nc6 5. Nd5 Bc5 6. c3 O-O 7. Bc2 Nxd5 8. exd5 Ne7 9. Nxe5 d6 10. Nd3 Bb6 11. Nf4 Ng6 12. Nxg6 Re8+ 13. Kf1 hxg6 14. d4 Qf6 15. Qf3 Qxf3 0-1


[Site "https://www.chess.com"]

[Event "Titled Tuesday Blitz June 21 Late 2022"]
[White "Quirke, Jeffrey"]
[Black "Fiol, Fabrice"]
[WhiteFideId "2013029"]
[BlackFideId "611670"]
[WhiteElo "2197"]
[BlackElo "2437"]
[Result "0-1"]
[Round "07"]
[TimeControl "180+1"]
[Date "2022.06.22"]
[WhiteClock "0:00:01"]
[BlackClock "0:00:15"]

1. e4 c5 2. Nc3 a6 3. f4 e6 4. g4 b5 5. Bg2 b4 6. Nce2 h5 7. g5 Bb7 8. d3 d5 9. exd5 Bxd5 10. Nf3 Ne7 11. O-O Nf5 12. Ng3 Nxg3 13. hxg3 Nc6 14. Be3 Be7 15. Nh4 Bxg2 16. Kxg2 g6 17. Qf3 Rc8 18. Rae1 Kf8 19. f5 exf5 20. Nxf5 Ne5 21. Qe4 Ng4 22. Nh6 f5 23. gxf6 Nxf6 24. Qxg6 Qd5+ 25. Kh2 Rc6 26. Nf5 Ng4+ 27. Kh3 Rxg6 0-1


[Site "https://www.chess.com"]

[Event "Titled Tuesday Blitz June 21 Late 2022"]
[White "Rama, Tejas"]
[Black "Gimenez Aguirre, Alejo Ismael"]
[WhiteFideId "30907381"]
[BlackFideId "32041667"]
[WhiteElo "1430"]
[BlackElo "2031"]
[Result "0-1"]
[Round "07"]
[TimeControl "180+1"]
[Date "2022.06.22"]
[WhiteClock "0:00:02"]
[BlackClock "0:01:21"]

1. d4 Nf6 2. c4 e6 3. Nf3 c5 4. d5 exd5 5. cxd5 d6 6. Nc3 g6 7. Nd2 Bg7 8. e4 O-O 9. Be2 Re8 10. O-O a6 11. a4 Nbd7 12. Re1 Qc7 13. Bf1 b6 14. Nc4 Ne5 15. Ne3 Rb8 16. h3 g5 17. Nc2 h6 18. f4 gxf4 19. Bxf4 Kh8 20. Qd2 Kh7 21. Kh1 Nh5 22. Bh2 Rg8 23. Be2 Nf6 24. Ne3 Bh8 25. Nc4 Nxc4 26. Bxc4 Nd7 27. e5 Nxe5 28. Qc2+ f5 29. Bf1 Qf7 30. Ra3 Bf6 31. Ne2 b5 32. axb5 axb5 33. Nf4 b4 34. Rae3 Bd7 35. Be2 Rg5 36. h4 Rg7 37. Nh5 Rg6 38. Nf4 Rg7 39. h5 Rbg8 40. Rf1 Rg5 41. Nh3 Rxg2 42. Qb1 Bc8 43. Nf4 R2g5 44. Rg1 Bb7 45. Qd1 Rxg1+ 46. Bxg1 Bg5 47. Bh2 Qf6 48. Rg3 Bxf4 49. Rxg8 Kxg8 50. Bxf4 Qh4+ 51. Bh2 Ng4 52. Qg1 Bxd5+ 0-1


[Site "https://www.chess.com"]

[Event "Titled Tuesday Blitz June 21 Late 2022"]
[White "Remolar Gallen, Jose"]
[Black "Khan, Taffin"]
[WhiteFideId "2215187"]
[BlackFideId "19700024"]
[WhiteElo "2205"]
[BlackElo "1958"]
[Result "1-0"]
[Round "07"]
[TimeControl "180+1"]
[Date "2022.06.22"]
[WhiteClock "0:01:11"]
[BlackClock "0:00:11"]

1. d4 Nf6 2. c4 e6 3. Nc3 Bb4 4. Bg5 d6 5. Qc2 Nbd7 6. e3 h6 7. Bh4 c5 8. Bd3 e5 9. d5 O-O 10. Ne2 Bxc3+ 11. Nxc3 a6 12. f3 Qc7 13. O-O Rb8 14. a4 b6 15. Kh1 Bb7 16. g4 Kh8 17. g5 hxg5 18. Bxg5 Ng8 19. Qg2 g6 20. Qh3+ Kg7 21. Rg1 Ndf6 22. Bxf6+ Nxf6 23. Bxg6 fxg6 24. Rxg6+ Kxg6 25. Rg1+ Kf7 26. Qe6# 1-0


[Site "https://www.chess.com"]

[Event "Titled Tuesday Blitz June 21 Late 2022"]
[White "Rios Escobar, Adan"]
[Black "Arnold, Ken"]
[WhiteFideId "3403645"]
[BlackFideId "2056836"]
[WhiteElo "2441"]
[BlackElo "2334"]
[Result "1-0"]
[Round "07"]
[TimeControl "180+1"]
[Date "2022.06.22"]
[WhiteClock "0:00:05"]
[BlackClock "0:00:15"]

1. d4 Nf6 2. g3 d5 3. Nf3 c6 4. c4 e6 5. Bg2 Bd6 6. O-O O-O 7. Nc3 Re8 8. Nd2 Nbd7 9. e4 dxe4 10. Ndxe4 Nxe4 11. Nxe4 Nf6 12. Nxd6 Qxd6 13. Bf4 Qb4 14. Qc2 Rd8 15. Rfd1 h6 16. a3 Qe7 17. b4 Bd7 18. Rac1 Rac8 19. h4 a6 20. Qb3 Be8 21. Bf3 Nd7 22. a4 e5 23. Re1 f6 24. Qb2 g5 25. hxg5 hxg5 26. Bd2 Bf7 27. Kg2 Qf8 28. dxe5 Nxe5 29. Rxe5 fxe5 30. Bxg5 Rd3 31. Be4 Rd4 32. Qc2 Qg7 33. Be3 Rxc4 34. Qb1 Rxc1 35. Qxc1 Rd8 36. Qc5 Bd5 37. Qb6 Bxe4+ 38. f3 Bxf3+ 39. Kxf3 Rf8+ 40. Kg2 Qf7 41. Bf2 Qf3+ 42. Kg1 e4 43. Qc5 Qxf2+ 44. Qxf2 Rxf2 45. Kxf2 b6 46. Ke3 a5 47. bxa5 bxa5 48. Kxe4 Kf7 49. Kd4 Ke6 50. Kc5 1-0


[Site "https://www.chess.com"]

[Event "Titled Tuesday Blitz June 21 Late 2022"]
[White "Roberson, Peter T"]
[Black "Fishbein, Mitch"]
[WhiteFideId "412384"]
[BlackFideId "30922917"]
[WhiteElo "2346"]
[BlackElo "1939"]
[Result "1-0"]
[Round "07"]
[TimeControl "180+1"]
[Date "2022.06.22"]
[WhiteClock "0:02:16"]
[BlackClock "0:01:59"]

1. e4 c6 2. d4 d5 3. exd5 cxd5 4. Bd3 Nf6 5. c3 e6 6. Nf3 Nc6 7. Bf4 Bd6 8. Bxd6 Qxd6 9. Qe2 O-O 10. O-O b6 11. Nbd2 Bb7 12. Rae1 Rfe8 13. Ne5 Nd7 14. Bxh7+ Kxh7 15. Qh5+ Kg8 16. Qxf7+ Kh7 17. Re3 1-0


[Site "https://www.chess.com"]

[Event "Titled Tuesday Blitz June 21 Late 2022"]
[White "Roman, Rodrigo"]
[Black "Weisz, Bryan"]
[WhiteFideId "3701220"]
[BlackFideId "30934133"]
[WhiteElo "2001"]
[BlackElo "2263"]
[Result "0-1"]
[Round "07"]
[TimeControl "180+1"]
[Date "2022.06.22"]
[WhiteClock "0:00:01"]
[BlackClock "0:01:05"]

1. e4 c5 2. Nf3 Nc6 3. Bb5 g5 4. Nxg5 Nf6 5. Nc3 Rg8 6. d3 h6 7. Nh3 Rxg2 8. Qf3 Rg8 9. Bxc6 dxc6 10. Be3 Bg4 11. Qg3 e6 12. Rg1 Bxh3 13. Qxg8 Nxg8 14. Rxg8 Qf6 15. Bxc5 O-O-O 16. Rxf8 Rxf8 17. Bxf8 Bg4 18. Bc5 Qf3 19. Kd2 b6 20. Be3 f5 21. b4 f4 22. Bd4 e5 23. Bxe5 Qxf2+ 24. Kc1 f3 25. Bg3 Qg2 26. Nd1 h5 27. Nf2 h4 28. Bxh4 Qxh2 29. Kd2 Qxh4 30. Rf1 Bh3 31. Nxh3 Qxh3 32. Rf2 Qg3 33. Ke3 Qd6 34. a3 a5 35. c3 Qh6+ 36. Kxf3 Qc1 37. bxa5 bxa5 38. e5 Qxc3 39. Ke4 Qxa3 40. Rc2 Kd7 41. d4 Qa4 42. Rh2 Qc4 43. Rh7+ Kc8 44. Rh6 Qd5+ 45. Ke3 c5 46. Rh8+ Kc7 47. Rh7+ Kc6 48. Rh6+ Kb5 49. Rd6 cxd4+ 50. Kf4 Qf7+ 51. Ke4 a4 52. e6 Qe7 53. Rd5+ Kc6 54. Rxd4 a3 55. Ra4 Qxe6+ 56. Kf3 Qb3+ 0-1


[Site "https://www.chess.com"]

[Event "Titled Tuesday Blitz June 21 Late 2022"]
[White "Romero Ruscalleda, Josep"]
[Black "Marin Masis, Jose Esteban"]
[WhiteFideId "2231859"]
[BlackFideId "6508146"]
[WhiteElo "2380"]
[BlackElo "1710"]
[Result "1-0"]
[Round "07"]
[TimeControl "180+1"]
[Date "2022.06.22"]
[WhiteClock "0:00:48"]
[BlackClock "0:00:19"]

1. e4 c5 2. c3 Nf6 3. e5 Nd5 4. Nf3 e6 5. d4 cxd4 6. cxd4 d6 7. a3 Nc6 8. Bd3 Be7 9. O-O O-O 10. Qe2 Bd7 11. Bd2 Qb6 12. Qe4 g6 13. Nc3 Qxb2 14. Na4 Qb3 15. Bc2 Qb5 16. Rfb1 Qc4 17. Bb3 Qa6 18. Qc2 dxe5 19. Bc4 Nxd4 20. Nxd4 Qxa4 21. Qxa4 Bxa4 22. Nf3 Rac8 23. Bxd5 exd5 24. Rxb7 Bf6 25. Rxa7 e4 26. Re1 Ra8 27. Rxa8 Rxa8 28. Bg5 Bc3 29. Rc1 Bb2 30. Rb1 Bxa3 31. Nd4 Bc5 32. Be3 Bxd4 33. Bxd4 Bc2 34. Rc1 Bd3 35. h4 Rb8 36. Kh2 Rb1 37. Rc8# 1-0


[Site "https://www.chess.com"]

[Event "Titled Tuesday Blitz June 21 Late 2022"]
[White "Sernecki, Franciszek"]
[Black "Shohat, Yotam"]
[WhiteFideId "1169297"]
[BlackFideId "2813955"]
[WhiteElo "2168"]
[BlackElo "2119"]
[Result "0-1"]
[Round "07"]
[TimeControl "180+1"]
[Date "2022.06.22"]
[WhiteClock "0:00:59"]
[BlackClock "0:01:54"]

1. d4 Nf6 2. Nf3 c5 3. d5 b5 4. a4 b4 5. b3 e6 6. dxe6 fxe6 7. Bb2 Be7 8. g3 O-O 9. Bg2 Bb7 10. O-O d6 11. Nbd2 h6 12. Nc4 Qc7 13. Qd3 Nbd7 14. Qg6 Be4 15. Bxf6 Nxf6 0-1


[Site "https://www.chess.com"]

[Event "Titled Tuesday Blitz June 21 Late 2022"]
[White "Shimanov, Aleksandr"]
[Black "Dubov, Daniil"]
[WhiteFideId "4198603"]
[BlackFideId "24126055"]
[WhiteElo "2605"]
[BlackElo "2791"]
[Result "1-0"]
[Round "07"]
[TimeControl "180+1"]
[Date "2022.06.21"]
[WhiteClock "0:00:17"]
[BlackClock "0:00:18"]

1. e4 e5 2. Nf3 Nc6 3. Bb5 a6 4. Ba4 Nf6 5. Nc3 Be7 6. d3 b5 7. Bb3 O-O 8. a3 d6 9. O-O Rb8 10. Be3 h6 11. h3 Re8 12. Nd5 Bf8 13. Re1 Nxd5 14. Bxd5 Ne7 15. Bb3 Ng6 16. a4 Be6 17. Bxe6 Rxe6 18. axb5 axb5 19. Nd2 Be7 20. Ra7 Bg5 21. Bxg5 Qxg5 22. g3 h5 23. Nf3 Qd8 24. h4 d5 25. Ng5 Rf6 26. Qxh5 Nf8 27. exd5 Qxd5 28. Rxc7 Ra8 29. Ne4 Rg6 30. Nc3 Qd8 31. Qf3 Rf6 32. Qd5 Qxc7 33. Qxa8 Qb6 34. Ne4 Rc6 35. c3 b4 36. Qa2 Ne6 37. Qd5 Qc7 38. Ra1 bxc3 39. bxc3 Rb6 40. Ra8+ Kh7 41. Ng5+ Nxg5 42. hxg5 g6 43. Qh1+ Kg7 44. Qh8# 1-0


[Site "https://www.chess.com"]

[Event "Titled Tuesday Blitz June 21 Late 2022"]
[White "Sibilio, Mario"]
[Black "Lopez Perdomo, Juan David"]
[WhiteFideId "800422"]
[BlackFideId "4405137"]
[WhiteElo "2296"]
[BlackElo "1997"]
[Result "0-1"]
[Round "07"]
[TimeControl "180+1"]
[Date "2022.06.22"]
[WhiteClock "0:00:02"]
[BlackClock "0:00:34"]

1. e4 e6 2. d4 d5 3. e5 c5 4. c3 Nc6 5. Nf3 f6 6. Bb5 Bd7 7. Qe2 fxe5 8. Bxc6 bxc6 9. Nxe5 Nf6 10. dxc5 Bxc5 11. Nd2 O-O 12. O-O Qc7 13. Ndf3 Ne4 14. Nd3 Bd6 15. h3 h6 16. Nd2 Bh2+ 17. Kh1 Rxf2 18. Qxf2 Nxf2+ 19. Rxf2 Bd6 20. b4 e5 21. Nb3 e4 22. Ndc5 Bg3 23. Rf1 Bc8 24. Be3 Qe5 25. Bf2 Bf4 26. Nd4 Qh5 27. Nde6 Bd6 28. Bd4 Qg6 0-1


[Site "https://www.chess.com"]

[Event "Titled Tuesday Blitz June 21 Late 2022"]
[White "Silvestre, Christian"]
[Black "Martinez Reyes, Pedro Ramon"]
[WhiteFideId "30956269"]
[BlackFideId "3901807"]
[WhiteElo "2440"]
[BlackElo "2410"]
[Result "0-1"]
[Round "07"]
[TimeControl "180+1"]
[Date "2022.06.22"]
[WhiteClock "0:00:26"]
[BlackClock "0:01:24"]

1. d4 Nf6 2. Nf3 g6 3. Bf4 Bg7 4. e3 d6 5. Nbd2 O-O 6. h3 b6 7. Bh2 Bb7 8. Bd3 c5 9. c3 Nc6 10. a4 a6 11. Qe2 Ra7 12. O-O Qa8 13. Rfe1 Re8 14. e4 cxd4 15. Nxd4 Ne5 16. Bc2 Ned7 17. f3 Rc8 18. Kh1 Nh5 19. Bb3 Be5 20. f4 Bxf4 21. Rf1 e5 22. g3 exd4 23. cxd4 Bxd2 24. Rxf7 Bxe4+ 25. Kg1 Bd5 26. Qe7 Bxf7 27. Bxf7+ Kh8 28. g4 Nc5 29. Qxd6 Rxf7 30. Be5+ Ng7 31. dxc5 Be3+ 32. Kh2 Rf2+ 33. Kg3 Qf3+ 34. Kh4 g5# 0-1


[Site "https://www.chess.com"]

[Event "Titled Tuesday Blitz June 21 Late 2022"]
[White "Souleidis, Georgios"]
[Black "Sarkar, Justin"]
[WhiteFideId "4206827"]
[BlackFideId "2010011"]
[WhiteElo "2401"]
[BlackElo "2020"]
[Result "1-0"]
[Round "07"]
[TimeControl "180+1"]
[Date "2022.06.22"]
[WhiteClock "0:00:12"]
[BlackClock "0:00:01"]

1. e4 e5 2. Nf3 Nc6 3. Nc3 Nf6 4. d4 exd4 5. Nd5 Nxd5 6. exd5 Nb4 7. Bc4 Bc5 8. a3 Na6 9. b4 Bb6 10. Qe2+ Qe7 11. Qxe7+ Kxe7 12. Bb2 Re8 13. O-O-O Kf8 14. Nxd4 d6 15. f3 Bd7 16. Rhe1 Rxe1 17. Rxe1 Re8 18. Rxe8+ Kxe8 19. Kd2 Nb8 20. g4 a5 21. h4 axb4 22. axb4 g6 23. Ne2 c5 24. b5 Ba5+ 25. Ke3 Bc8 26. Ng3 Nd7 27. Ne4 Ke7 28. g5 Be1 29. Bf6+ Nxf6 30. gxf6+ Kd7 31. b6 Bxh4 32. Bb5+ Kd8 33. Nxd6 Bxf6 34. f4 h5 35. Kf3 h4 36. Nxf7+ Ke7 37. Ne5 h3 38. c4 Kd6 39. Nxg6 Bf5 40. Ne5 1-0


[Site "https://www.chess.com"]

[Event "Titled Tuesday Blitz June 21 Late 2022"]
[White "Stanisz, Patryk"]
[Black "Melikhov, Evgeny V."]
[WhiteFideId "1123106"]
[BlackFideId "4122046"]
[WhiteElo "1833"]
[BlackElo "1904"]
[Result "1-0"]
[Round "07"]
[TimeControl "180+1"]
[Date "2022.06.22"]
[WhiteClock "0:01:39"]
[BlackClock "0:01:41"]

1. d4 Nf6 2. c4 e6 3. Nc3 Bb4 4. Qc2 c5 5. dxc5 Na6 6. Nf3 Nxc5 7. Bd2 Bxc3 8. Bxc3 Nce4 9. e3 Nxc3 10. Qxc3 O-O 11. Bd3 d5 12. O-O dxc4 13. Qxc4 Bd7 14. Rfd1 Qb6 15. Qh4 h6 16. Rab1 Rfd8 17. b4 Bb5 18. Bxb5 Qxb5 19. Rd4 Rxd4 20. Qxd4 Qd5 21. Rd1 Qxa2 22. h3 a5 23. bxa5 Qxa5 24. Rb1 Rb8 25. Qd6 Qa7 26. Ne5 b5 27. Nc6 Qb6 28. Qxb8+ 1-0


[Site "https://www.chess.com"]

[Event "Titled Tuesday Blitz June 21 Late 2022"]
[White "Svane, Rasmus"]
[Black "Le, Tuan Minh"]
[WhiteFideId "4657101"]
[BlackFideId "12401153"]
[WhiteElo "2674"]
[BlackElo "2530"]
[Result "1-0"]
[Round "07"]
[TimeControl "180+1"]
[Date "2022.06.21"]
[WhiteClock "0:00:18"]
[BlackClock "0:00:04"]

1. Nf3 d5 2. g3 Nf6 3. Bg2 Bg4 4. O-O e6 5. h3 Bh5 6. d4 c6 7. c4 Nbd7 8. cxd5 exd5 9. Ne5 Bg6 10. Nc3 Qb6 11. f4 Nxe5 12. fxe5 Nd7 13. e3 Be7 14. h4 h5 15. Bh3 Nf8 16. Bf5 Bxf5 17. Rxf5 g6 18. Rf2 Ne6 19. Qf3 Rf8 20. b3 O-O-O 21. Qg2 Kb8 22. Bd2 g5 23. hxg5 Bxg5 24. Raf1 Qc7 25. Qh3 h4 26. gxh4 Bh6 27. Rg2 Qe7 28. Ne2 Rg8 29. Ng3 Qd7 30. Rff2 c5 31. Nf5 Rxg2+ 32. Rxg2 Ng7 33. e6 Nxe6 34. Nxh6 cxd4 35. exd4 Qc6 36. Nf5 Ka8 37. h5 Qc2 38. h6 Nf8 39. h7 Ng6 40. Bg5 Rh8 41. Rxc2 1-0


[Site "https://www.chess.com"]

[Event "Titled Tuesday Blitz June 21 Late 2022"]
[White "Svicevic, Rastko"]
[Black "Richter, Nils"]
[WhiteFideId "916315"]
[BlackFideId "12990809"]
[WhiteElo "2049"]
[BlackElo "2311"]
[Result "0-1"]
[Round "07"]
[TimeControl "180+1"]
[Date "2022.06.22"]
[WhiteClock "0:00:33"]
[BlackClock "0:00:58"]

1. d4 Nf6 2. Bg5 Ne4 3. Bf4 c5 4. f3 Qa5+ 5. c3 Nf6 6. dxc5 Qxc5 7. e4 d6 8. Ne2 Qb6 9. Qd2 g6 10. Na3 Bg7 11. O-O-O h5 12. Be3 Qd8 13. e5 Nfd7 14. exd6 O-O 15. Bg5 Nf6 16. dxe7 Qxe7 17. Nd4 Nc6 18. Nxc6 bxc6 19. Bc4 Rb8 20. Rhe1 Qb7 21. Bb3 Bf5 22. Nc4 Qa6 23. Nd6 Rxb3 24. Nxf5 Qxa2 25. Ne7+ Kh7 26. Qc2 Rfb8 27. Re2 Nd5 28. Rxd5 cxd5 29. Nxd5 Rxb2 30. Qxb2 Rxb2 31. Rxb2 Qxd5 32. Bd2 Qd3 33. Be1 0-1


[Site "https://www.chess.com"]

[Event "Titled Tuesday Blitz June 21 Late 2022"]
[White "Taboas Rodriguez, Daniel"]
[Black "Alexiadis, Hristos"]
[WhiteFideId "2208466"]
[BlackFideId "4249623"]
[WhiteElo "2526"]
[BlackElo "2690"]
[Result "0-1"]
[Round "07"]
[TimeControl "180+1"]
[Date "2022.06.22"]
[WhiteClock "0:00:03"]
[BlackClock "0:00:37"]

1. d4 Nf6 2. Nf3 e6 3. c4 b6 4. Nc3 Bb4 5. Qc2 Bb7 6. a3 Bxc3+ 7. Qxc3 O-O 8. Bg5 h6 9. Bh4 g5 10. Bg3 Ne4 11. Qc2 f5 12. e3 d6 13. Bd3 Nd7 14. O-O Qf6 15. b4 Rac8 16. a4 h5 17. h4 g4 18. Nd2 Nxg3 19. fxg3 c5 20. bxc5 bxc5 21. Nb3 Qh6 22. Rae1 Nf6 23. Kh2 Ne4 24. dxc5 dxc5 25. Bxe4 Bxe4 26. Qc3 Qg7 27. Qa5 Qc7 28. Qc3 Qg7 29. Qa5 Bd3 30. Rf2 Bxc4 31. Nxc5 Qe5 32. Nb3 Qxa5 33. Nxa5 Bd5 34. Rb1 Rb8 35. Rb5 Rxb5 36. axb5 Rb8 37. Rb2 Rb6 38. Rb4 a6 39. Nc4 Rxb5 40. Ra4 Rc5 41. Nd6 Rc2 42. e4 fxe4 43. Nxe4 Kg7 44. Kg1 Re2 45. Nf2 Ra2 46. Rf4 a5 47. Ne4 e5 48. Nf6 exf4 0-1


[Site "https://www.chess.com"]

[Event "Titled Tuesday Blitz June 21 Late 2022"]
[White "Terry, Renato"]
[Black "Sjugirov, Sanan"]
[WhiteFideId "3803457"]
[BlackFideId "4189302"]
[WhiteElo "2577"]
[BlackElo "2602"]
[Result "1-0"]
[Round "07"]
[TimeControl "180+1"]
[Date "2022.06.21"]
[WhiteClock "0:00:52"]
[BlackClock "0:00:03"]

1. d4 Nf6 2. Nf3 e6 3. c4 b6 4. g3 Ba6 5. Qa4 Bb7 6. Bg2 c5 7. dxc5 Bxc5 8. O-O O-O 9. Nc3 h6 10. Bf4 Qe7 11. Rfd1 Nc6 12. Qc2 e5 13. Bc1 e4 14. Nh4 e3 15. f4 Nb4 16. Qb1 Bxg2 17. Kxg2 Qe6 18. a3 Nc6 19. Nd5 Nd4 20. Nxf6+ Qxf6 21. Qd3 g5 22. Bxe3 Qc6+ 23. Kg1 Nxe2+ 24. Qxe2 Rae8 25. Ng2 Rxe3 26. Nxe3 Re8 27. Rd3 Qe4 28. Re1 gxf4 29. gxf4 Qxf4 30. Qf2 Qe4 31. Qg2+ 1-0


[Site "https://www.chess.com"]

[Event "Titled Tuesday Blitz June 21 Late 2022"]
[White "Tsvetkov, Andrey"]
[Black "Xiong, Jeffery"]
[WhiteFideId "34139360"]
[BlackFideId "2047640"]
[WhiteElo "2280"]
[BlackElo "2714"]
[Result "0-1"]
[Round "07"]
[TimeControl "180+1"]
[Date "2022.06.21"]
[WhiteClock "0:00:59"]
[BlackClock "0:00:39"]

1. d4 g6 2. c4 Bg7 3. e4 d6 4. Nc3 Nc6 5. Be3 e5 6. d5 Nd4 7. Nge2 Nxe2 8. Bxe2 f5 9. exf5 gxf5 10. f4 e4 11. O-O Bxc3 12. bxc3 b6 13. Qe1 Nf6 14. Bd4 Qe7 15. Qh4 Rf8 16. Kh1 Bd7 17. h3 O-O-O 18. Qf2 Rg8 19. a4 e3 20. Qxe3 Qxe3 21. Bxe3 Ne4 22. Rfe1 Ng3+ 23. Kg1 Nxe2+ 24. Rxe2 Rde8 25. Kf2 a5 26. g3 Re4 27. Kf3 Rxc4 28. Bd4 Rxa4 29. Rxa4 Bxa4 30. Re7 h5 31. Rf7 Bc2 32. Ke3 Rxg3+ 33. Kd2 Be4 34. Bf6 Bxd5 35. Rf8+ Kd7 0-1


[Site "https://www.chess.com"]

[Event "Titled Tuesday Blitz June 21 Late 2022"]
[White "Urbina Perez, Juan Antonio"]
[Black "Kovacevic, Radmila"]
[WhiteFideId "2217368"]
[BlackFideId "933171"]
[WhiteElo "2192"]
[BlackElo "2115"]
[Result "1-0"]
[Round "07"]
[TimeControl "180+1"]
[Date "2022.06.22"]
[WhiteClock "0:00:22"]
[BlackClock "0:00:14"]

1. e4 e5 2. Nf3 d5 3. Nxe5 Bd6 4. d4 dxe4 5. Nc4 Be7 6. Be2 Nf6 7. O-O O-O 8. Bf4 Nd5 9. Bg3 f5 10. f3 e3 11. Be5 f4 12. Nc3 Be6 13. Nxd5 Bxd5 14. b3 Nc6 15. c3 b5 16. Nb2 Ba3 17. Rb1 Rb8 18. Qc2 Qe7 19. Nd3 g5 20. b4 a5 21. bxa5 Nxa5 22. Nb4 Be6 23. Bd3 Rf7 24. Be4 Nc4 25. Nc6 Qe8 26. Nxb8 Qxb8 27. Bd3 Nxe5 28. Rxb5 Qd8 29. Rxe5 Bd5 30. Qa4 Bf8 31. Rxd5 Qxd5 32. Bc4 Qf5 33. Qb3 Kg7 34. Bxf7 Qxf7 35. Qxf7+ Kxf7 36. Rb1 Ke6 37. Kf1 Kd5 38. Ke2 Kc4 39. Rb7 Bd6 40. a4 Kxc3 41. a5 Kxd4 42. a6 Bc5 43. Rxc7 Bb6 44. a7 Bxa7 45. Rxa7 h5 46. Rg7 g4 47. fxg4 hxg4 48. Rxg4 Ke4 49. g3 Ke5 50. Rxf4 1-0


[Site "https://www.chess.com"]

[Event "Titled Tuesday Blitz June 21 Late 2022"]
[White "Vasquez Schroeder, Rodrigo"]
[Black "Isajevsky, Anton"]
[WhiteFideId "3400042"]
[BlackFideId "4142500"]
[WhiteElo "2567"]
[BlackElo "2510"]
[Result "1-0"]
[Round "07"]
[TimeControl "180+1"]
[Date "2022.06.21"]
[WhiteClock "0:02:26"]
[BlackClock "0:00:01"]

1. e4 c5 2. Nf3 d6 3. d4 cxd4 4. Nxd4 Nf6 5. Nc3 a6 6. Bg5 e6 7. f4 Be7 8. Qf3 h6 9. Bh4 Nbd7 10. O-O-O Qc7 11. Be2 b5 12. Bxf6 Nxf6 13. e5 Bb7 14. Qg3 dxe5 15. fxe5 Nd5 16. Nxe6 fxe6 17. Qg6+ Kd7 18. Bg4 Qxe5 19. Nxd5 Bxd5 20. Rxd5+ Qxd5 21. Rd1 Bg5+ 22. Kb1 Qxd1+ 23. Bxd1 Rhe8 24. Qxg7+ Re7 25. Qd4+ Kc7 26. h4 Rd8 27. Qc5+ Kb8 28. Bf3 Bf6 29. Qb6+ Kc8 30. Qxa6+ Kc7 31. Qc6+ 1-0


[Site "https://www.chess.com"]

[Event "Titled Tuesday Blitz June 21 Late 2022"]
[White "Veiga, Jose Francisco R P Neves"]
[Black "Navarrete Mendez, Gonzalo Alberto"]
[WhiteFideId "1930087"]
[BlackFideId "5106850"]
[WhiteElo "2326"]
[BlackElo "2261"]
[Result "0-1"]
[Round "07"]
[TimeControl "180+1"]
[Date "2022.06.22"]
[WhiteClock "0:00:03"]
[BlackClock "0:00:16"]

1. e4 e5 2. Nf3 Nc6 3. Bc4 Nf6 4. Nc3 Nxe4 5. Nxe4 d5 6. Bb5 dxe4 7. Nxe5 Qg5 8. Nxc6 Qxb5 9. Nd4 Qe5 10. c3 Bd6 11. Qe2 O-O 12. Nb5 Qg5 13. O-O Bh3 14. f4 exf3 15. Qxf3 Bg4 16. Qd3 Bc5+ 17. Kh1 Rae8 18. Qg3 Bb6 19. a4 Qh5 20. d4 c6 21. Na3 Re2 22. Nc4 Be6 23. Ne3 Re8 24. a5 Bd8 25. a6 b6 26. Qf3 Qxf3 27. gxf3 Bh3 28. Rg1 Rf2 29. Rg3 Be6 30. Rg2 Rxf3 31. Bd2 f5 32. Rf1 Rxf1+ 33. Nxf1 Bd5 0-1


[Site "https://www.chess.com"]

[Event "Titled Tuesday Blitz June 21 Late 2022"]
[White "Vifleemskaia, Svetlana"]
[Black "Lopez Gracia, Fernando"]
[WhiteFideId "4129490"]
[BlackFideId "2207184"]
[WhiteElo "1929"]
[BlackElo "2474"]
[Result "1-0"]
[Round "07"]
[TimeControl "180+1"]
[Date "2022.06.22"]
[WhiteClock "0:00:32"]
[BlackClock "0:01:36"]

1. d4 Nf6 2. c4 e6 3. Nc3 Bb4 4. e3 c5 5. Ne2 cxd4 6. exd4 d5 7. a3 Be7 8. Nf4 dxc4 9. Bxc4 O-O 10. O-O a6 11. Be3 b5 12. Bd3 Bb7 13. Rc1 Nbd7 14. Bb1 Nb6 15. Qd3 g6 16. f3 Nbd5 17. Ncxd5 Nxd5 18. Nxd5 Qxd5 19. Bh6 Rfc8 20. Qe3 Bf6 21. Rcd1 Qd7 22. Qf4 Bg7 23. Bxg7 Kxg7 24. Be4 Bd5 25. Rfe1 Qc7 26. Qg5 Bxe4 27. fxe4 Qd8 28. Qg3 Rc2 29. d5 exd5 30. exd5 Qb6+ 31. Kh1 Qf2 32. Qxf2 Rxf2 33. d6 Rd8 34. b4 Rf6 35. d7 Rd6 36. Rxd6 1-0


[Site "https://www.chess.com"]

[Event "Titled Tuesday Blitz June 21 Late 2022"]
[White "Vujic, Mihailo"]
[Black "Aldokhin, Ivan"]
[WhiteFideId "918873"]
[BlackFideId "24115720"]
[WhiteElo "2256"]
[BlackElo "2231"]
[Result "1-0"]
[Round "07"]
[TimeControl "180+1"]
[Date "2022.06.22"]
[WhiteClock "0:00:23"]
[BlackClock "0:00:02"]

1. e4 e6 2. d4 d5 3. Nc3 Bb4 4. e5 Qd7 5. a3 Bxc3+ 6. bxc3 b6 7. a4 Ba6 8. Bxa6 Nxa6 9. a5 b5 10. Nf3 c5 11. O-O Ne7 12. Ba3 b4 13. cxb4 cxb4 14. Bb2 O-O-O 15. Qd3 Qb7 16. c3 Nc6 17. cxb4 Ncxb4 18. Rfc1+ Kb8 19. Qe2 Rc8 20. Rab1 Ka8 21. Ba3 Rxc1+ 22. Rxc1 Rc8 23. Rxc8+ Qxc8 24. Bxb4 Nxb4 25. h4 Qc4 26. Qd2 h6 27. Qf4 Qc7 28. h5 Nc6 29. Qg4 Nxa5 30. Qxg7 Nb3 31. Qxh6 a5 32. Qf8+ Kb7 33. Kh2 Ka6 34. Qd6+ Qxd6 35. exd6 Kb7 36. h6 a4 37. d7 Kc7 38. d8=Q+ Kxd8 39. h7 a3 40. h8=Q+ Kc7 41. Qa8 a2 42. Qxa2 1-0


[Site "https://www.chess.com"]

[Event "Titled Tuesday Blitz June 21 Late 2022"]
[White "Wachinger, Guenther"]
[Black "Martin Carmona, Gaston Manuel"]
[WhiteFideId "4604261"]
[BlackFideId "22284567"]
[WhiteElo "2212"]
[BlackElo "2162"]
[Result "1-0"]
[Round "07"]
[TimeControl "180+1"]
[Date "2022.06.22"]
[WhiteClock "0:00:25"]
[BlackClock "0:01:22"]

1. e4 c5 2. Nf3 d6 3. d4 cxd4 4. Nxd4 Nf6 5. Nc3 g6 6. Be3 Bg7 7. f3 Nc6 8. Qd2 O-O 9. O-O-O Nxd4 10. Bxd4 Be6 11. Kb1 Qc7 12. h4 Rfc8 13. h5 Qa5 14. hxg6 hxg6 15. a3 Rab8 16. Bd3 b5 17. Qg5 Bc4 18. Bxc4 Rxc4 19. Nd5 Qd8 20. Bxf6 exf6 21. Qh4 b4 22. axb4 a5 23. Rh3 Rcxb4 24. Nxb4 Rxb4 25. Qh7+ Kf8 26. Qh8+ Bxh8 27. Rxh8+ Ke7 28. Rxd8 Kxd8 29. Rxd6+ Ke7 30. Rd5 a4 31. c3 Rc4 32. Ka2 Ke6 33. Rd4 Rc8 34. Rxa4 Rh8 35. Rd4 Rh2 36. Rd2 f5 37. exf5+ Kxf5 38. b4 Kf4 39. Kb3 f5 40. b5 Ke3 41. Rb2 Rh8 42. c4 g5 43. c5 Kd4 44. Kb4 f4 45. b6 Kd5 46. Kb5 Rc8 47. Rd2+ Ke6 48. b7 1-0


[Site "https://www.chess.com"]